 Dungeon Crawl Stone Soup version 0.22-a0-410-g97be04f (webtiles) character file.

156 4thArraOfDagon the Chopper (level 5, 0/47 HPs)
             Began as a Minotaur Fighter on May 11, 2018.
             Was an Initiate of the Shining One.
             Succumbed to a scorpion's poison
             ... on level 4 of the Dungeon.
             The game lasted 00:01:43 (223 turns).

4thArraOfDagon the Chopper (Minotaur Fighter)        Turns: 223, Time: 00:01:43

Health: 0/47       AC:  7    Str: 26    XL:     5   Next: 15%
Magic:  4/4        EV: 10    Int:  5    God:    the Shining One [......]
Gold:   74         SH:  0    Dex: 10    Spells: 4/4 levels left

rFire    . . .     SeeInvis .   a - +0 war axe
rCold    . . .     Gourm    +   (no shield)
rNeg     . . .     Faith    .   b - +0 scale mail
rPois    .         Spirit   .   (helmet restricted)
rElec    .         Reflect  .   (no cloak)
rCorr    .         Harm     .   (no gloves)
MR       +....                  (no boots)
Stlth    ..........             i - amulet of the gourmand
HPRegen  0.15/turn              c - ring of protection from magic
MPRegen  0.09/turn              g - ring of wizardry

@: mighty, lethally poisoned (0 -> -3), glowing
A: retaliatory headbutt, horns 2
a: Renounce Religion


You were on level 4 of the Dungeon.
You worshipped the Shining One.
The Shining One was noncommittal.
You were not hungry.

You visited 1 branch of the dungeon, and saw 4 of its levels.

You collected 74 gold pieces.

Inventory:

Hand Weapons
 a - a +0 war axe (weapon)
Armour
 b - a +0 scale mail (worn)
Jewellery
 c - a ring of protection from magic (left hand)
 g - a ring of wizardry (right hand)
 i - an amulet of the gourmand (around neck)
Scrolls
 e - 3 scrolls of identify {unknown}
 h - a scroll of teleportation {unknown}
Comestibles
 f - 2 rations


   Skills:
 + Level 4.7 Fighting
 * Level 4.9 Axes
 + Level 4.7 Armour
   Level 3.6 Shields


You had 4 spell levels left.
You didn't know any spells.

Dungeon Overview and Level Annotations

Branches:
Dungeon (4/15)
 Temple: D:4-7

Altars:
The Shining One

Shops:
D:4 *=


Innate Abilities, Weirdness & Mutations

You reflexively headbutt those who attack you in melee.
You have a pair of horns on your head.


Message History

* * * LOW HITPOINT WARNING * * *
You feel sick.
There is an entrance to Hunlatsy's Jewellery Shoppe here.
Unknown command.
Unknown command.
Unknown command.
* * * LOW HITPOINT WARNING * * *
You feel sick.
Found a fuming black potion.
* * * LOW HITPOINT WARNING * * *
You feel sick.
* * * LOW HITPOINT WARNING * * *
You feel sick.
Autopickup is now off.
* * * LOW HITPOINT WARNING * * *
You feel sick.
Found a stone staircase leading down.
Unknown command.
Unknown command.
You die...

........# ....
........# ...#
..####'## .>.#
### #†# #..#
#.## #..#
#..#######..#
#.∩.........#
#..........[...#
#.#.##########@#
.. #. #.# # ..
... .## ##.## #.
#.# # #.# #.#
#.#


There were no monsters in sight!

Vanquished Creatures
  A scorpion (D:4)
  2 hounds (D:4)
  A worker ant (D:4)
  An adder (D:4)
  A ball python (D:4)
  6 jackals (D:3)
  A kobold (D:3)
  A bat (D:3)
  A rat (D:3)
15 creatures vanquished.

Notes
Turn   | Place    | Note
-------+----------+-------------------------------------------
     0 | D:1      | 4thArraOfDagon the Minotaur Fighter began the quest for the Orb.
     0 | D:1      | Reached XP level 1. HP: 19/19 MP: 0/0
    37 | D:3      | Found a glowing golden altar of the Shining One.
    44 | D:3      | Became a worshipper of the Shining One
    90 | D:3      | 4thArraOfDagon: where is my minitomb xd
   133 | D:3      | Reached XP level 2. HP: 25/27 MP: 1/1
   169 | D:4      | Noticed a phantom
   185 | D:4      | Found Ryleme's Assorted Antiques.
   185 | D:4      | Noticed a scorpion
   191 | D:4      | Found Hunlatsy's Jewellery Shoppe.
   195 | D:4      | zero: x)
   198 | D:4      | Reached XP level 3. HP: 17/33 MP: 2/2
   203 | D:4      | Reached XP level 4. HP: 20/40 MP: 3/3
   212 | D:4      | Reached XP level 5. HP: 6/47 MP: 4/4
   217 | D:4      | HP: 2/47 [poisoned by a scorpion]
   223 | D:4      | Succumbed to a scorpion's poison

Vault maps used:
D:1:      shiori_arrival_maze
D:2:      lemuel_round_altar, tgw_fedhas, uniq_sigmund
D:3:      tso_altar, minitemple, first_ration
D:4:      minmay_temple_entry_statues_pillars, serial_shops, shop_statue, shop,
          shop, kennysheep_mini_moat, nicolae_shop_stone,
          small_statue_intersection, serial_bayou_pond_c

Skill      XL: |  1  2  3 |
---------------+----------+-----
Axes           | 3 4 |  4.9
Fighting       | 4 |  4.7
Armour         | 4 |  4.7
Shields        | |  3.6

Action                   |  1- 3 |  4- 6 || total
-------------------------+-------+-------++-------
Melee: War axe           |    18 |     9 ||    27
       Headbutt          |     1 |     2 ||     3
  Use: Potion            |     1 |       ||     1
Armor: Scale mail        |    20 |     4 ||    24
Dodge: Dodged            |    21 |     3 ||    24

Table legend:
 A = Spawn XP
 B = Non-spawn XP
 C = Spawn XP percentage of total XP
 D = Spawn monster count
 E = Non-spawn monster count
 F = Spawn count percentage of total count
 G = Total turns spent on level
                    A         B        C        D         E        F      G
               +---------+---------+-------+---------+---------+-------+---------
         Total |       0 |     224 |   0.0 |       0 |      15 |   0.0 |   223
               +---------+---------+-------+---------+---------+-------+---------
           D:3 |       0 |      16 |   0.0 |       0 |       9 |   0.0 |   167
           D:4 |       0 |     208 |   0.0 |       0 |       6 |   0.0 |    40
               +---------+---------+-------+---------+---------+-------+---------
